Map: 匹昂台地

Players

shengy

  • Race: Zerg Zerg
  • League: Platinum

AppleSeed - Winner!

  • Race: Terran Terran

VOD

Have the link to the VOD?

Description

Time

  • Played on: Dec. 30, 2015, 7:41 p.m.
  • Length: 12:18
Show
View Real Time Build Order
Export as new Build Order

shengy Zerg 

Build Orders: Hatch First, Zergling Baneling 

Get SALT Encoding   

  12  0:01  Drone  
  13  0:11  Drone  
  14  0:22  Overlord  
  14  0:25  Drone, Extractor  
  15  0:40  Drone x2  
  17  0:44  Drone  
  18  0:57  Hatchery  
  18  1:02  Drone  
  18  1:14  Spawning Pool  
  18  1:17  Drone  
  18  1:22  Extractor  
  18  1:23  Drone  
  18  1:28  Overlord  
  18  1:46  Drone  
  19  1:52  Drone  
  20  2:01  Queen  
  20  2:04  Zergling x2  
  23  2:08  Queen  
  25  2:15  Drone x2  
  25  2:19  Drone  
  25  2:21  Drone  
  29  2:24  Metabolic Boost  
  29  2:30  Zergling x2  
  29  2:34  Overlord  
  30  2:44  Queen  
  32  2:58  Evolution Chamber  
  31  3:00  Baneling Nest, Drone x2  
  31  3:02  Drone  
  31  3:03  Drone x2  
  34  3:22  Roach Warren  
  33  3:31  Drone  
  33  3:32  Drone x3  
  33  3:34  Extractor  
  36  3:38  Zergling x8  
  40  3:46  Overlord  
  40  3:52  Drone x3  
  43  4:10  Zergling x6  
  43  4:11  Zergling x6  
  49  4:20  Baneling x4  
  49  4:23  Overlord  
  49  4:24  Zergling x6  
  49  4:27  Baneling  
  49  4:30  Baneling  
  49  4:31  Baneling x2  
  52  4:41  Drone x2  
  52  4:42  Zergling x2  
  55  4:46  Zerg Ground Armor Level 1  
  55  4:47  Overlord  
  55  4:48  Drone x2  
  55  4:51  Lair  
  57  4:54  Extractor  
  56  5:08  Overlord  
  56  5:13  Overlord  
  56  5:14  Drone  
  56  5:15  Extractor, Drone x4  
  60  5:33  Zergling x10  
  64  5:45  Baneling x3  
  64  5:46  Baneling  
  64  5:51  Roach x4  
  64  5:52  Roach x3  
  78  6:03  Spore Crawler  
  77  6:07  Spore Crawler  
  77  6:08  Drone  
  77  6:09  Drone  
  78  6:30  Overlord x2  
  78  6:31  Roach  
  78  6:32  Roach  
  72  6:55  Baneling x4  
  72  7:02  Spire  
  72  7:04  Drone x6  
  77  7:18  Hatchery  
  77  7:19  Drone  
  77  7:21  Zerg Ground Armor Level 2  
  77  7:23  Hatchery  
  77  7:25  Evolution Chamber  
  77  7:27  Infestation Pit  
  77  7:29  Ravager  
  76  7:30  Ravager  
  76  7:32  Drone  
  76  7:33  Drone x8  
  85  7:54  Zerg Melee Weapons Level 1  
  85  7:58  Overlord x4  
  85  8:10  Baneling x2  
  85  8:13  Overlord x2  
  85  8:37  Overlord  
  78  8:48  Zergling x22  
  68  8:49  Zergling x4  
  68  8:53  Queen  
  68  8:54  Queen  
  81  8:57  Extractor, Drone x4  
  81  8:58  Drone  
  81  9:02  Hive  
  85  9:18  Baneling x3  
  85  9:19  Baneling x12  
  85  9:22  Centrifical Hooks  
  85  9:30  Extractor  
  85  9:31  Extractor  
  83  9:34  Drone x3  
  86  9:40  Ravager x4  
  79  10:09  Spore Crawler  
  78  10:14  Spore Crawler  
  78  10:21  Ultralisk Cavern  
  69  10:46  Queen  
  70  10:53  Drone x5  
  70  10:54  Drone x3  
  78  11:11  Overlord  
  78  11:12  Drone x10  
  78  11:13  Drone x18  
  78  11:14  Extractor  
  78  11:16  Zergling x4  
  107  11:28  Zergling x4  
  107  11:30  Ultralisk  
  107  11:32  Zergling x4  
  129  11:33  Zergling x2  
  130  11:41  Baneling  
  130  11:42  Baneling x3  
  133  11:47  Zergling x2  
  133  11:48  Zergling x8  
  133  11:50  Baneling x3  
  137  12:00  Overlord  
Show
View Real Time Build Order
Export as new Build Order

AppleSeed Terran - Winner!

Build Orders: Command Center First (CC), MMM Bio 

Get SALT Encoding   

  12  0:01  SCV  
  13  0:14  SCV  
  14  0:20  Supply Depot  
  14  0:26  SCV  
  15  0:41  SCV  
  16  1:00  Command Center  
  16  1:08  Barracks  
  16  1:10  SCV  
  17  1:24  SCV  
  18  1:29  Barracks  
  18  1:40  Barracks  
  18  1:42  SCV  
  19  1:57  Orbital Command  
  19  2:02  Marine  
  19  2:07  Bunker  
  20  2:09  Refinery  
  20  2:19  Orbital Command  
  20  2:26  SCV  
  20  2:27  Marine  
  22  2:34  Refinery  
  22  2:35  Marine  
  23  2:42  SCV  
  23  2:43  Marine  
  25  2:45  SCV  
  25  2:49  Marine  
  27  2:55  SCV  
  27  2:56  Marine  
  29  3:01  SCV, Marine  
  31  3:08  Refinery  
  31  3:09  Marine  
  32  3:14  Factory, Marine  
  32  3:18  SCV  
  34  3:20  SCV  
  34  3:22  Barracks Tech Lab  
  35  3:31  Supply Depot  
  35  3:34  Supply Depot  
  35  3:35  SCV  
  35  3:38  Barracks Reactor x2  
  36  3:43  SCV  
  37  3:48  Stimpack  
  37  3:49  Marine  
  38  4:04  Factory Reactor, Starport  
  38  4:05  SCV x2  
  38  4:08  Refinery  
  40  4:15  Marine x2  
  42  4:17  Marine  
  42  4:24  SCV x2  
  45  4:34  Command Center  
  45  4:35  Liberator, Marine  
  45  4:36  SCV  
  47  4:40  Marauder  
  49  4:49  SCV  
  50  4:58  SCV  
  54  5:09  Factory Reactor  
  54  5:24  Supply Depot x2  
  54  5:26  Supply Depot  
  54  5:27  Engineering Bay  
  54  5:28  Liberator  
  54  5:45  SCV x2, Marine  
  54  5:46  Marauder  
  62  5:50  Combat Shields  
  62  5:54  Barracks  
  62  5:57  Barracks x2, Terran Infantry Weapons Level 1  
  62  5:58  SCV  
  63  6:04  Factory Tech Lab  
  63  6:05  SCV  
  63  6:07  Marauder  
  66  6:19  Marine  
  66  6:20  SCV  
  66  6:24  Supply Depot  
  68  6:25  Supply Depot  
  68  6:27  Engineering Bay  
  68  6:29  Marauder  
  70  6:37  Orbital Command  
  60  6:50  Marauder, SCV  
  60  6:57  SCV  
  61  7:03  Marine x2  
  61  7:06  SCV  
  61  7:07  SCV  
  65  7:11  Marauder  
  65  7:15  Barracks Reactor  
  67  7:16  Barracks Reactor  
  67  7:18  Marine x2  
  69  7:27  Barracks Tech Lab x2  
  69  7:30  SCV  
  69  7:32  SCV x2  
  69  7:33  Marauder  
  69  7:35  Marine  
  75  7:41  Terran Infantry Armor Level 1  
  75  7:42  SCV  
  76  7:44  SCV  
  76  7:45  Armory  
  76  7:46  Liberator x2  
  76  7:47  SCV  
  78  7:54  Marauder  
  80  8:04  Marine  
  80  8:05  Marauder  
  89  8:07  SCV x2  
  91  8:15  Marauder  
  91  8:18  Starport  
  92  8:31  Marine x2  
  92  8:32  Marauder, Marine  
  92  8:33  Thor  
  103  8:34  SCV  
  82  8:51  Marauder x2, Marine  
  82  8:53  Marauder, Marine  
  82  8:55  SCV  
  87  9:05  SCV  
  87  9:06  SCV  
  87  9:07  SCV  
  87  9:08  Barracks Tech Lab  
  90  9:17  SCV  
  90  9:19  Thor  
  90  9:20  Marine  
  90  9:21  Marauder x2, Medivac x2  
  90  9:22  Marauder, Marine  
  109  9:36  Supply Depot  
  109  9:38  Supply Depot  
  109  9:43  SCV, Medivac x2, Marine x6  
  109  9:44  Marauder, Marine  
  102  10:01  Marauder, Marine x3  
  102  10:02  Marauder, Marine  
  102  10:03  Marauder  
  102  10:05  Marauder  
  102  10:06  Thor  
  120  10:07  SCV  
  120  10:09  SCV  
  122  10:19  Marine x3  
  124  10:33  Marauder  
  120  10:44  Marauder  
  120  10:45  Medivac x2  
  120  10:47  SCV  
  124  10:52  Command Center  
  124  10:54  Command Center  
  124  10:57  SCV  
  124  11:02  Marauder  
  127  11:06  Supply Depot  
  127  11:08  Supply Depot x2  
  127  11:13  Marauder x2, Marine  
  127  11:17  Refinery  
  133  11:18  SCV  
  133  11:19  Refinery  
  133  11:27  Marine  
  133  11:28  Supply Depot, SCV  
  133  11:29  Supply Depot  
Tags
 
Add a new tag
Caveats
  • Supply blocks, unpowered buildings, or Contaminate may cause inaccurate times.
  • Supply counts are checked every 10 seconds.